 Seeded DCSS version 0.28-a0-1518-gbe868bca14 (webtiles) character file.

Game seed: 20220117 (custom seed)

40 flotson the Chopper (level 3, -1/42 HPs)
             Began as a Demonspawn Gladiator on Jan 17, 2022.
             Slain by a scorpion (2 damage)
             ... on level 2 of the Dungeon.
             The game lasted 00:01:37 (828 turns).

flotson the Chopper (Demonspawn Gladiator)           Turns: 828, Time: 00:01:38

Health: -1/42      AC: 21    Str: 13 (16) XL:     3   Next: 30%
Magic:  3/3        EV:  2    Int:  8 (9)  God:
Gold:   73         SH:  0    Dex: 11 (14) Spells: 2/2 levels left

rFire   . . .      SeeInvis .   a - +0 war axe
rCold   . . .      Faith    .   (no shield)
rNeg    . . .      Spirit   .   (armour currently unavailable)
rPois   +          Reflect  .   (helmet currently unavailable)
rElec   .          Harm     .   (cloak currently unavailable)
rCorr   .          Rampage  .   (gloves currently unavailable)
Will    .....      NoTele   +   (boots currently unavailable)
Stlth   +.........              (no amulet)
HPRegen 0.14/turn               b - ring of flight
MPRegen 0.08/turn               (no ring)

@: lethally poisoned (-1 -> -2), tree-form
A: stationary, stasis, torment immunity, boosted hp, (molten scales 1),
(weakness stinger 1)
a: no special abilities


You were on level 2 of the Dungeon.
You were a tree.
You visited 1 branch of the dungeon, and saw 2 of its levels.

You collected 73 gold pieces.

Inventory:

Hand Weapons
 a - a +0 war axe (weapon)
Missiles
 f - 5 boomerangs
 l - 3 atropa-tipped darts (quivered)
Armour
 c - a +0 helmet (melded)
 i - a +0 ring mail (melded)
Jewellery
 b - a ring of flight (left branch)
Scrolls
 g - 2 scrolls of identify {unknown}
 h - a scroll of immolation {unknown}
 k - a scroll of teleportation {unknown}


   Skills:
 + Level 2.4 Fighting
 + Level 3.0 Axes
 + Level 2.1 Throwing
 + Level 1.0 Armour
 + Level 3.0 Dodging


You had 2 spell levels left.
You didn't know any spells.
Your spell library was empty.

Dungeon Overview and Level Annotations

Branches:
Dungeon (2/15)

Altars:

Shops:
D:1 =


Innate Abilities, Weirdness & Mutations

You are a tree.
Your roots penetrate the ground, keeping you stationary.
You cannot be teleported.
You are immune to unholy pain and torment.
Your maximum health is greatly increased.
Your equipment is partially melded.
((You are partially covered in molten scales. (AC +2)))
((You have a small tail.))


Message History

Throw: throwing net
Press: ? - help, Q - select action, (/) - cycle Shift-Dir - straight line, f/p - scorpion
Aim: a scorpion (60% to hit)
You throw a throwing net. The throwing net hits the scorpion.
The scorpion is caught in the net!
You feel sick.
The scorpion struggles against the net.
You barely miss the scorpion.
* * * LOW HITPOINT WARNING * * *
You feel very sick.
The scorpion struggles against the net. x2
You hit the scorpion but do no damage.
* * * LOW HITPOINT WARNING * * *
You feel sick.
The scorpion struggles against the net.
The net rips apart, and the scorpion comes free!
The scorpion stings you but does no damage.
It was a potion of lignification.
You turn into a tree.
Your +0 helmet melds into your body.
Your +0 ring mail melds into your body.
Your roots penetrate the ground.
You feel sick.
The scorpion stings you but does no damage.
It was a potion of degeneration.
There was something very wrong with that liquid.
You feel weakened.
You feel dopey.
You feel clumsy.
You feel sick.
The scorpion stings you but does no damage.
Unknown command.
Unknown command.
Throw: 4 darts (atropa)
Press: ? - help, Q - select action, (/) - cycle Shift-Dir - straight line, f/p - scorpion
Aim: a scorpion (57% to hit, chance to blind on hit: 61%)
You throw an atropa-tipped dart.
The atropa-tipped dart hits the scorpion!
The scorpion resists.
You feel sick. The scorpion stings you.
* * * LOW HITPOINT WARNING * * *
Unknown command.
You hit the scorpion.
The scorpion is lightly wounded.
* * * LOW HITPOINT WARNING * * *
You feel sick. The scorpion stings you.
You die...

... #... ..# #..# #.#
##.# ####..# #.# ..>#
.##.....#####.####
####
........#........#
....
........#.###.##.#
##.. #.......#.#
#.##.# #.# .#.....#♣#
#.##.# #.#
#......Bs#.##.##.# #.#
..##....###.#.##.# #.#
##.. .....(.# ##..##.#
#.# ....
..##.#..###.####.# #.#
..... .
.......#.#####.####.#
#....
.#B.##.#........#.##.#
#.... ...
..#########...#.###
.... #. #. ##........#


You could see a scorpion and a giant cockroach.

Vanquished Creatures
  2 adders (D:2)
  A worm (D:2)
  A dart slug (D:1)
  2 bats (D:1)
  An endoplasm (D:1)
  3 goblins
  A quokka (D:2)
  3 ball pythons (D:1)
  2 frilled lizards
  A kobold (D:1)
  2 rats
19 creatures vanquished.

Notes
Turn   | Place    | Note
-------+----------+-------------------------------------------
     0 | D:1      | flotson the Demonspawn Gladiator began the quest for the
                  | Orb.
     0 | D:1      | Reached XP level 1. HP: 16/16 MP: 1/1
    97 | D:1      | Found Udownyit's Jewellery Boutique.
   236 | D:1      | Gained mutation: You have a small tail. [demonic ancestry]
   236 | D:1      | Reached XP level 2. HP: 16/22 MP: 2/2
   756 | D:2      | Gained mutation: You are partially covered in molten
                  | scales. (AC +2) [demonic ancestry]
   756 | D:2      | Reached XP level 3. HP: 28/28 MP: 3/3
   772 | D:2      | Reached skill level 1 in Armour
   815 | D:2      | Noticed a scorpion
   827 | D:2      | HP: 2/42 [scorpion (3)]
   828 | D:2      | Slain by a scorpion

Illustrated notes

Levels and vault maps discovered:
D:1:      giann_bridges, layout_rooms, serial_shops, nicolae_square_shop,
          minmay_misc_feat_iff
D:2:      layout_loops_ring, shapermc_ecumenical_altar_starsandcircs

Skill      XL: |  1  2  3 |
---------------+----------+-----
Throwing       | 2 |  2.1
Axes           | 3 |  3.0
Armour         | 1 |  1.0
Dodging        | 3 |  3.0
Fighting       | |  2.4

Action                   || total
-------------------------++-------
Melee: War axe           ||    55
       Tailslap          ||     6
       Punch             ||     1
Throw: Throwing net      ||     3
       Dart              ||     1
  Use: Potion            ||     2
Armor: Leather armour    ||     7
       Ring mail         ||    15
       Skin              ||     2
Dodge: Dodged            ||    44

Table legend: (Time is in decaauts)
 A = Elapsed time spent in this place.
 B = Non-inter-level travel time spent in this place.
 C = Inter-level travel time spent in this place.
 D = Time resting spent in this place.
 E = Time spent auto-exploring this place.
 F = Levels seen in this place.
 G = Mean time per level.
                   A        B        C        D        E       F      G
               +--------+--------+--------+--------+--------+-----+--------+
         Total |    846 |    827 |     19 |      0 |    649 |   2 |  423.0 |
       Dungeon |    846 |    827 |     19 |      0 |    649 |   2 |  423.0 |
               +--------+--------+--------+--------+--------+-----+--------+

Top non-repeatable levels by time:
     D:1: 574 daAuts
     D:2: 272 daAuts
